 Dungeon Crawl Stone Soup version 0.25.1-2-g60ff931df9 (webtiles) character file.

Game seed: 3762838730408672978

627 soggyman666 the Chopper (level 7, -23/60 HPs)
             Began as a Minotaur Fighter on Nov 5, 2020.
             Blown up by Ijyb (25 damage)
             ... with a disintegration bolt
             ... on level 4 of the Dungeon.
             The game lasted 00:05:35 (3728 turns).

soggyman666 the Chopper (Minotaur Fighter)          Turns: 3728, Time: 00:05:36

Health: -23/60     AC:  7    Str: 22    XL:     7   Next: 23%
Magic:  0/6        EV:  8    Int:  5    God:
Gold:   194        SH: 10    Dex: 10    Spells: 6/6 levels left

rFire    . . .     SeeInvis .   a - +0 war axe
rCold    . . .     Gourm    .   c - +0 kite shield
rNeg     . . .     Faith    .   b - +0 scale mail
rPois    .         Spirit   +   (helmet restricted)
rElec    .         Reflect  .   (no cloak)
rCorr    .         Harm     .   (no gloves)
MR       .....                  (no boots)
Stlth    ..........             g - amulet of guardian spirit
HPRegen  0.20/turn              (no ring)
MPRegen  0.10/turn              (no ring)

@: mighty
A: retaliatory headbutt, horns 2
a: no special abilities


You were on level 4 of the Dungeon.
You were not hungry.

You visited 1 branch of the dungeon, and saw 5 of its levels.

You collected 194 gold pieces.

Inventory:

Hand Weapons
 a - a +0 war axe (weapon)
Armour
 b - a +0 scale mail (worn)
 c - a +0 kite shield (worn)
Jewellery
 g - an amulet of guardian spirit (around neck)
Scrolls
 e - 2 scrolls of teleportation {unknown}
 h - 3 scrolls of remove curse
 k - 2 scrolls of enchant weapon {unknown}
 l - a scroll of fear
 n - a scroll of identify
Potions
 i - a potion of heal wounds {unknown}
 j - 4 potions of curing
 m - a potion of cancellation {unknown}
 p - a potion of degeneration {unknown}
Comestibles
 f - 9 rations
 o - 3 chunks of flesh


   Skills:
 + Level 4.8 Fighting
 + Level 6.6 Axes
 + Level 6.1 Armour
 + Level 1.5 Dodging
 + Level 4.8 Shields


You had 6 spell levels left.
You didn't know any spells.
Your spell library was empty.

Dungeon Overview and Level Annotations

Branches:
Dungeon (5/15)
 Temple: D:4-7

Altars:
Cheibriados
Dithmenos
Gozag
Hepliaklqana
Sif Muna

Shops:
D:4 [

Annotations:
D:4 Ijyb


Innate Abilities, Weirdness & Mutations

You reflexively headbutt those who attack you in melee.
You have a pair of horns on your head.


Message History

Your shield prevents you from hitting Ijyb.
Your headbutt misses Ijyb.
Ijyb is moderately wounded.
Ijyb zaps a wand.
You are blasted!
You are too injured to fight recklessly!
You are too injured to fight recklessly!
You are too injured to fight recklessly!
You are too injured to fight recklessly!
You are too injured to fight recklessly!
You are too injured to fight recklessly!
You are too injured to fight recklessly!
You are too injured to fight recklessly!
You are too injured to fight recklessly!
You feel very mighty all of a sudden.
Ijyb zaps a wand.
You are blasted!
* * * LOW HITPOINT WARNING * * *
Your shield and scale mail prevent you from hitting Ijyb.
Ijyb is moderately wounded.
Ijyb zaps a wand.
You are blasted!
You die...

#..........
####..........
#.............
#.............
###+###.............
#.8.8.#.............
#.._..#.............
#.g.##..#..........
#@##...#..........
#....#.#..........
######............
##...........
#...........
#...........
#...........
#...........
#...........


You could see Ijyb.

Vanquished Creatures
  Sigmund (D:2)
  An ogre (D:4)
  A centaur (D:3)
  A scorpion (D:4)
  A hound (D:4)
  2 orc priests (D:3)
  Jessica (D:2)
  A worker ant (D:4)
  4 adders
  An ooze (D:3)
  An adder skeleton (D:4)
  4 worms
  4 dart slugs
  5 orcs
  3 ball pythons
  5 giant cockroaches
  A goblin (D:2)
  3 hobgoblins
  2 jackals (D:1)
  5 kobolds
  2 quokkas (D:3)
  7 bats
  3 frilled lizards
  A leopard gecko skeleton (D:4)
  6 rats
66 creatures vanquished.

Notes
Turn   | Place    | Note
-------+----------+-------------------------------------------
     0 | D:1      | soggyman666 the Minotaur Fighter began the quest for the
                  | Orb.
     0 | D:1      | Reached XP level 1. HP: 19/19 MP: 0/0
   221 | D:1      | Reached XP level 2. HP: 27/27 MP: 1/1
   793 | D:2      | Reached XP level 3. HP: 15/33 MP: 2/2
  1021 | D:2      | Noticed Jessica
  1025 | D:2      | Killed Jessica
  1197 | D:2      | Found a snail-covered altar of Cheibriados.
  1324 | D:2      | Reached XP level 4. HP: 37/40 MP: 3/3
  1405 | D:2      | Noticed Sigmund
  1426 | D:2      | Killed Sigmund
  1426 | D:2      | Reached skill level 5 in Armour
  1426 | D:2      | Reached XP level 5. HP: 14/47 MP: 4/4
  1775 | D:2      | Found a faded altar of an unknown god.
  1846 | D:2      | Reached skill level 5 in Axes
  1996 | D:3      | Found a shadowy altar of Dithmenos.
  2040 | D:3      | Noticed a centaur
  2049 | D:3      | Reached XP level 6. HP: 25/53 MP: 5/5
  2051 | D:3      | HP: 2/53 [centaur (7)]
  2053 | D:3      | Reached skill level 1 in Dodging
  2710 | D:3      | You fall into a shaft and drop 2 floors!
  2710 | D:5      | Entered Level 5 of the Dungeon
  2754 | D:4      | Found an opulent altar of Gozag.
  2946 | D:3      | Found a hazy altar of Hepliaklqana.
  3132 | D:4      | Found Yhyckai's Armour Shop.
  3236 | D:4      | Reached XP level 7. HP: 5/60 MP: 1/6
  3718 | D:4      | Found a shimmering blue altar of Sif Muna.
  3718 | D:4      | Noticed Ijyb
  3727 | D:4      | HP: 2/60 [disintegration (28)]
  3728 | D:4      | Blown up by Ijyb

Illustrated notes

Levels and vault maps discovered:
D:1:      lordsloth_arrival_two_stooges, layout_basic
D:2:      layout_loops_ring, marbit_many_paths,
          chequers_ecumenical_altar_twisty, uniq_sigmund, uniq_jessica
D:3:      layout_loops_cross, lemuel_doored_altar,
          nicolae_dithmenos_shadow_blocks
D:4:      minmay_chambers_of_threes, layout_basic, grunt_gozag_statues,
          led_sif_book, first_ration, serial_shops, shop, elyvilon_altar_5,
          uniq_ijyb
D:5:      minmay_octagon_keep, layout_rooms

Skill      XL: |  1  2  3  4  5  6 |
---------------+-------------------+-----
Armour         | 4 5 6 |  6.1
Axes           | 3 4 5 6 |  6.6
Fighting       | 4 |  4.8
Shields        | 4 |  4.8
Dodging        | 1 |  1.5

Action                   |  1- 3 |  4- 6 |  7- 9 || total
-------------------------+-------+-------+-------++-------
Melee: War axe           |    59 |   103 |    20 ||   182
       Headbutt          |    10 |    15 |     2 ||    27
  Use: Scroll            |       |     4 |       ||     4
       Potion            |       |       |     1 ||     1
  Eat: Chunk             |     1 |     6 |     2 ||     9
Armor: Scale mail        |    26 |    47 |     4 ||    77
Dodge: Dodged            |    22 |    39 |     4 ||    65
Block: Kite shield       |    30 |    40 |     7 ||    77
